 Dungeon Crawl Stone Soup version 0.28.0 (webtiles) character file.

Game seed: 5448247497221815850

98 fragbeetle the Chopper (level 4, 0/39 HPs)
             Began as a Hill Orc Fighter on Feb 10, 2022.
             Slain by Natasha (5 damage)
             ... on level 3 of the Dungeon.
             The game lasted 00:02:24 (2015 turns).

fragbeetle the Chopper (Hill Orc Fighter)           Turns: 2015, Time: 00:02:25

Health: 0/39       AC:  9    Str: 20    XL:     4   Next: 71%
Magic:  4/4        EV:  7    Int:  8    God:
Gold:   65         SH:  9    Dex: 10    Spells: 3/3 levels left

rFire   . . .      SeeInvis .   a - +0 war axe
rCold   . . .      Faith    .   c - +0 buckler
rNeg    . . .      Spirit   .   m - +0 chain mail
rPois   .          Reflect  +   (no helmet)
rElec   .          Harm     .   (no cloak)
rCorr   .          Rampage  .   (no gloves)
Will    .....                   (no boots)
Stlth   ..........              e - amulet of reflection
HPRegen 0.13/turn               (no ring)
MPRegen 0.09/turn               (no ring)

@: slowed, very slow
A: no striking features
a: no special abilities


You were on level 3 of the Dungeon.
You visited 1 branch of the dungeon, and saw 3 of its levels.

You collected 65 gold pieces.

Inventory:

Hand Weapons
 a - a +0 war axe (weapon)
Armour
 b - a +0 scale mail
 c - a +0 buckler (worn)
 m - a +0 chain mail (worn)
Jewellery
 e - an amulet of reflection (around neck)
 i - a +6 ring of strength
Scrolls
 h - 2 scrolls of teleportation {unknown}
 j - a scroll of holy word {unknown}
 l - a scroll of vulnerability {unknown}
Potions
 d - 3 potions of might
 f - 2 potions of mutation {unknown}
 g - a potion of flight {unknown}
 k - a potion of haste {unknown}
 n - a potion of attraction {unknown}


   Skills:
 - Level 3.6 Fighting
 * Level 6.3 Axes
 - Level 3.2 Armour
 - Level 3.2 Shields


You had 3 spell levels left.
You didn't know any spells.
Your spell library was empty.

Dungeon Overview and Level Annotations

Branches:
Dungeon (3/15)

Altars:
Cheibriados
Dithmenos
Zin

Annotations:
D:3 1 runed translucent door, Crazy Yiuf, Natasha


Message History

Natasha mumbles some strange words.
You block the goblin's attack.
You closely miss the goblin. The goblin hits you but does no damage.
You are poisoned.
You closely miss the goblin.
You feel very sick. You block the goblin's attack.
You hit the goblin.
The goblin is heavily wounded.
You feel sick. You block the goblin's attack.
You hit the goblin.
You kill the goblin!
You feel sick. Natasha casts a spell at you.
You feel yourself slow down.
You hit Natasha.
Natasha is moderately wounded.
You feel sick. You block Natasha's attack.
Natasha claws you but does no damage.
You barely miss Natasha.
Natasha is moderately wounded.
You feel sick. Natasha claws you but does no damage.
The crimson imp blinks!
You closely miss Natasha.
Natasha is moderately wounded.
You feel sick.
You are no longer poisoned.
Natasha claws you. Natasha claws you but does no damage.
The crimson imp blinks!
You closely miss Natasha.
Natasha is moderately wounded.
Natasha casts a spell.
Natasha extends her claws.
Natasha claws you.
You hit Natasha.
Natasha is heavily wounded.
You hit the crimson imp. Natasha claws you!
* * * LOW HITPOINT WARNING * * *
The crimson imp lashes its tail.
The crimson imp blinks!
Natasha claws you.
You die...

##.# ###.# #.## #†. ##### #.####
#...# ##)# #.< .....##....####
#.### ##)## #.. ......####....#
#..## ##...# ### .......# ####.#
##.)# #..P.# . .......# #.## ##.#
##..## #.# ....K..#
#..####.####....# # .......#
##..§.#.#......## .....†.###
##.@.#.#.....##
......5..########h#.#.##.##
.......#.5...†.##5..#.##.#
###.........##...#.....#.#####
.......####..h......5..#.....####
.####....###5.##.................
####...#†###.......#####.....
#......# ###.....# ##.....
#>..###..#######...####......


You could see an iron imp (summoned), Natasha and a crimson imp (summoned).

Vanquished Creatures
  4 adders (D:2)
  5 dart slugs
  4 ball pythons
  4 bats
  An endoplasm (D:2)
  A giant cockroach (D:1)
  9 goblins
  4 hobgoblins
  2 jackals (D:1)
  2 kobolds
  3 quokkas
  4 frilled lizards
  7 rats
50 creatures vanquished.

Notes
Turn   | Place    | Note
-------+----------+-------------------------------------------
     0 | D:1      | fragbeetle the Hill Orc Fighter began the quest for the
                  | Orb.
     0 | D:1      | Reached XP level 1. HP: 19/19 MP: 1/1
    28 | D:1      | Reached skill level 3 in Axes
   239 | D:1      | Reached XP level 2. HP: 22/26 MP: 2/2
   385 | D:1      | Reached skill level 4 in Axes
   630 | D:1      | Reached XP level 3. HP: 31/31 MP: 3/3
   958 | D:2      | Reached skill level 5 in Axes
  1093 | D:2      | Reached XP level 4. HP: 39/39 MP: 4/4
  1304 | D:2      | Reached skill level 6 in Axes
  1628 | D:2      | Found a faded altar of an unknown god.
  1691 | D:3      | Found a shadowy altar of Dithmenos.
  1777 | D:3      | Found a snail-covered altar of Cheibriados.
  1827 | D:3      | Found a glowing silver altar of Zin.
  1934 | D:3      | Found a runed translucent door.
  1935 | D:3      | Noticed Crazy Yiuf
  1991 | D:3      | Noticed Natasha
  2015 | D:3      | Slain by Natasha

Illustrated notes

Levels and vault maps discovered:
D:1:      scummos_arrival_checkerplants, layout_basic
D:2:      layout_loops_cross, shapermc_ecumenical_altar_mp_highgroup,
          kennysheep_generic_room_10
D:3:      layout_rooms, kennysheep_slug_shrine, mainiacjoe_overflow_alcove_1,
          xom_redecorated, zin_statuary, uniq_crazy_yiuf_cottage, uniq_natasha

Skill      XL: |  1  2  3  4 |
---------------+-------------+-----
Axes           | 3 4 5 6 |  6.3
Fighting       | |  3.6
Armour         | |  3.2
Shields        | |  3.2

Action                   |  1- 3 |  4- 6 || total
-------------------------+-------+-------++-------
Melee: War axe           |    76 |    48 ||   124
Armor: Scale mail        |    32 |     8 ||    40
       Chain mail        |       |    12 ||    12
Dodge: Dodged            |    31 |     9 ||    40
Block: Buckler           |    33 |    29 ||    62
       Reflection        |     1 |     3 ||     4
